 Dungeon Crawl Stone Soup version 0.17-a0-1-g1f4be75 (webtiles) character file.

4599 McCoppin the Thaumaturge (level 10, -10/69 HPs)
             Began as a Red Draconian Wizard on Mar 3, 2015.
             Was a Believer of Vehumet.
             Mangled by a seven-headed hydra (11 damage)
             ... on level 9 of the Dungeon on Mar 4, 2015.
             The game lasted 01:09:01 (12532 turns).

McCoppin the Thaumaturge (Red Draconian Wizard)    Turns: 12532, Time: 01:09:03

Health: -10/69     AC: 13    Str: 10    XL:     10   Next: 19%
Magic:  8/28       EV: 12    Int: 21    God:    Vehumet [**....]
Gold:   225        SH:  0    Dex: 10    Spells: 5 memorised, 14 levels left

rFire  + . .     SeeInvis .     F - +2 rapier (venom)
rCold  + . .     Clarity  .     (armour unavailable)
rNeg   . . .     SustAb   .     (no shield)
rPois  .         Gourm    .     b - +1 hat
rElec  .         Spirit   .     (no cloak)
rCorr  .         Warding  .     (no gloves)
rMut   .         Stasis   .     B - +2 pair of boots
MR     .....                    (no amulet)
Stlth  ++........               I - ring of protection from cold
                                q - +2 ring of protection (curse)

@: about to teleport, controlling teleports, short of breath, not resistant to
hostile enchantments, unstealthy
A: breathe fire, unfitting armour, fire resistance 1, cold-blooded, AC +7
a: Breathe Fire, Renounce Religion


You were on level 9 of the Dungeon.
You worshipped Vehumet.
Vehumet was pleased with you.
You were not hungry.

You visited 2 branches of the dungeon, and saw 10 of its levels.

You collected 570 gold pieces.
You spent 345 gold pieces at shops.

Inventory:

Hand weapons
 a - a cursed +0 mace
 i - a +1 short sword of freezing
 y - a +3 longbow of flaming
 F - a +2 rapier of venom (weapon)
Armour
 b - a +1 hat (worn)
 v - a +0 pair of boots
 x - a +0 shield
 B - a +2 pair of boots (worn)
 M - a +2 pair of boots
Jewellery
 q - a cursed +2 ring of protection (left hand)
 I - a ring of protection from cold (right hand)
Magical devices
 g - a wand of polymorph (12)
 m - a wand of magic darts (39)
 E - a wand of polymorph (12)
 G - a wand of slowing (12)
Scrolls
 e - 2 scrolls of blinking
 k - 4 scrolls of teleportation
 l - 2 scrolls of fear
 o - a scroll of immolation
 r - 3 scrolls of enchant armour
 u - 6 scrolls of identify
 w - 2 scrolls of remove curse
 z - a scroll of random uselessness
 J - a scroll of fog {unknown}
 K - 2 scrolls of recharging
Potions
 f - a potion of berserk rage {unknown}
 h - 2 potions of curing
 j - a potion of ambrosia {unknown}
 p - 2 potions of might
 t - a potion of beneficial mutation {unknown}
 H - a potion of cure mutation {unknown}
 L - a potion of mutation {unknown}
 O - 2 potions of heal wounds
 P - a potion of flight {unknown}
 Q - 2 potions of haste {unknown}
Books
 c - a book of Minor Magic

   Spells                             Type                      Level
   a - Magic Dart                     Conjuration                  1
   b - Blink                          Translocation                2
   c - Call Imp                       Summoning                    2
   d - Repel Missiles                 Charms/Air                   2
   e - Slow                           Hexes                        2
   f - Conjure Flame                  Conjuration/Fire             3
   g - Mephitic Cloud                 Conjuration/Poison/Air       3
 A - a book of the Warp

   Spells                             Type                      Level
   a - Recall                         Summoning/Translocation      3
   b - Control Teleport               Charms/Translocation         4
   c - Force Lance                    Conjuration/Translocation    4
   d - Phase Shift                    Translocation                5
   e - Warp Weapon                    Charms/Translocation         5
   f - Gell's Gravitas                Hexes/Translocation          5
   g - Summon Forest                  Summoning/Translocation      5
 D - a book of Conjurations

   Spells                             Type                      Level
   a - Magic Dart                     Conjuration                  1
   b - Searing Ray                    Conjuration                  2
   c - Dazzling Spray                 Conjuration/Hexes            3
   d - Fulminant Prism                Conjuration/Hexes            4
   e - Iskenderun's Mystic Blast      Conjuration                  4
   f - Iskenderun's Battlesphere      Conjuration/Charms           5
 S - a Young Poisoner's Handbook

   Spells                             Type                      Level
   a - Sting                          Conjuration/Poison           1
   b - Cure Poison                    Poison                       2
   c - Mephitic Cloud                 Conjuration/Poison/Air       3
   d - Olgreb's Toxic Radiance        Poison                       4
   e - Venom Bolt                     Conjuration/Poison           5
Comestibles
 d - 4 bread rations
 n - 3 beef jerkies
 s - 5 fruits
 C - 4 meat rations
 N - a royal jelly
 R - 8 slices of pizza


   Skills:
 - Level 2.8 Dodging
 - Level 1.7 Stealth
 + Level 10.1 Spellcasting
 - Level 7.0 Conjurations
 + Level 6.1 Charms
   Level 1.0 Summonings
 - Level 1.0 Translocations
 - Level 2.2 Air Magic
 - Level 2.1 Poison Magic


You had 14 spell levels left.
You knew the following spells:

 Your Spells              Type           Power        Failure   Level  Hunger
a - Magic Dart            Conj           ####         1%          1    None
b - Blink                 Tloc           N/A          8%          2    None
c - Mephitic Cloud        Conj/Pois/Air  ####....     4%          3    None
d - Iskenderun's Battles  Conj/Chrm      #####...     14%         5    ####...
e - Control Teleport      Chrm/Tloc      ####......   17%         4    ##.....


Dungeon Overview and Level Annotations

Branches:
Dungeon (9/15)             Temple (1/1) D:5
   Lair: D:8-11         Orc: D:9-12

Altars:
Ashenzari
Cheibriados
Dithmenos
Elyvilon
Fedhas
Gozag
Kikubaaqudgha
Makhleb
Nemelex Xobeh
Okawaru
Qazlal
Ru
Sif Muna
Trog
Vehumet
Xom
Yredelemnul
Zin
The Shining One

Shops:
D:4 *   D:5 [   D:8 *   D:9 (


Innate Abilities, Weirdness & Mutations

You can breathe blasts of fire.
Your fiery red scales are hard (AC +7).
Your body does not fit into most forms of armour.
Your flesh is heat resistant.
Your cold-blooded metabolism reacts poorly to cold.


Message History

Casting: Magic Dart
Confirm with . or Enter, or press ? or * to list all spells.
You feel in control.
The seven-headed hydra barely misses you.
The seven-headed hydra bites you!
* * * LOW HITPOINT WARNING * * *
The seven-headed hydra bites you.
* * * LOW HITPOINT WARNING * * *
The seven-headed hydra bites you but does no damage.
The seven-headed hydra misses you. The seven-headed hydra bites you!
* * * LOW HITPOINT WARNING * * *
The seven-headed hydra closely misses you.
Read which item? (? for menu, Esc to quit)
As you read the scroll of teleportation, it crumbles to dust.
You feel strangely unstable.
You feel your translocation being delayed.
The seven-headed hydra bites you.
* * * LOW HITPOINT WARNING * * *
The seven-headed hydra bites you!
You die...

. # #.# ####### #
...... #.....##.#
..#.#.# #........#
#..... #..@...#
.##.#.### #).D..##
..(.....######.....##.
#.#.#.#..∩............
#...†..########.####*.#
###.#.#### #.# .##
#.......# .. #
##.#.#### .. #.....#
#..


You could see a seven-headed hydra.

Vanquished Creatures
  A manticore (D:8)
  A two-headed ogre (D:8)
  Eustachio (D:6)
  A human (D:8)
  Menkaure (D:4)
  An orc warrior (D:7)
  A wasp (D:8)
  2 phantoms
  2 sky beasts
  8 ogres
  6 centaurs
  Sigmund (D:2)
  6 giant frogs
  4 wights (D:8)
  4 scorpions
  A giant frog zombie (D:7)
  A hound (D:4)
  A centaur zombie (D:5)
  3 crimson imps
  2 orc priests (D:6)
  2 giant frog skeletons
  4 orc wizards
  5 worker ants
  Natasha (thrice) (D:3)
  A gnoll shaman (D:7)
  2 killer bee zombies
  2 iguanas
  Terence (D:2)
  A mummy (D:7)
  3 hound skeletons
  Robin (D:2)
  16 adders
  12 gnolls
  A river rat (D:6)
  3 giant mites
  2 shadow imps
  4 worms
  An adder skeleton (D:4)
  2 oozes
  32 orcs
  14 bats
  A bat skeleton (D:8)
  2 bat zombies (D:6)
  5 giant cockroaches
  16 goblins
  7 hobgoblins
  15 jackals
  25 kobolds
  5 quokkas
  A ball python (D:1)
  6 giant geckos
  8 giant newts
  A giant spore (D:7)
  18 rats
  A ballistomycete (D:7)
271 creatures vanquished.

Notes
Turn   | Place    | Note
--------------------------------------------------------------
     0 | D:1      | McCoppin, the Draconian Wizard, began the quest for the Orb.
     0 | D:1      | Reached XP level 1. HP: 14/14 MP: 4/4
   575 | D:1      | Reached XP level 2. HP: 15/20 MP: 1/6
   911 | D:1      | Learned a level 2 spell: Blink
  1359 | D:1      | Reached XP level 3. HP: 26/26 MP: 1/8
  1510 | D:2      | Noticed Sigmund
  1682 | D:1      | Learned a level 3 spell: Mephitic Cloud
  1892 | D:2      | Reached skill level 4 in Spellcasting
  1892 | D:2      | Reached XP level 4. HP: 17/33 MP: 3/11
  2157 | D:2      | Killed Sigmund
  2157 | D:2      | Reached XP level 5. HP: 18/38 MP: 10/13
  2542 | D:2      | Noticed Robin
  2561 | D:2      | Killed Robin
  2860 | D:2      | Noticed Terence
  2870 | D:2      | Killed Terence
  4374 | D:3      | Reached XP level 6. HP: 45/45 MP: 11/16
  4450 | D:3      | Found a bloodstained altar of Trog.
  4633 | D:3      | Noticed Natasha
  4709 | D:3      | Killed Natasha
  4709 | D:3      | Reached skill level 5 in Spellcasting
  4787 | D:3      | Noticed Natasha
  4816 | D:3      | Killed Natasha
  5312 | D:3      | Noticed Natasha
  5314 | D:3      | Killed Natasha
  5717 | D:4      | Found a stormy altar of Qazlal.
  5900 | D:4      | Reached skill level 5 in Conjurations
  6048 | D:4      | Your scales start taking on a fiery red colour.
  6048 | D:4      | Gained mutation: Your flesh is heat resistant. [draconian maturity]
  6048 | D:4      | Reached XP level 7. HP: 50/50 MP: 13/19
  6065 | D:4      | Found Qopporoc's Serpentskin Sales.
  6492 | D:4      | Noticed Menkaure
  6495 | D:4      | Killed Menkaure
  6495 | D:4      | Reached skill level 6 in Spellcasting
  6842 | D:5      | Entered Level 5 of the Dungeon
  6968 | D:5      | Found a staircase to the Ecumenical Temple.
  6980 | Temple   | Entered the Ecumenical Temple
  7218 | Temple   | Became a worshipper of Vehumet
  7387 | D:5      | Found Phirum's Antique Armour Boutique.
  7571 | D:5      | Found a glowing silver altar of Zin.
  7910 | D:5      | Reached XP level 8. HP: 55/57 MP: 17/22
  8233 | D:6      | Reached skill level 7 in Spellcasting
  8410 | D:6      | Reached skill level 1 in Air Magic
  8434 | D:6      | Reached skill level 1 in Poison Magic
  8625 | D:6      | Found a white marble altar of Elyvilon.
  8803 | D:6      | Acquired Vehumet's first power
  8803 | D:6      | Offered knowledge of Flame Tongue by Vehumet.
  9174 | D:6      | Learned a level 5 spell: Iskenderun's Battlesphere
  9236 | D:6      | Reached skill level 1 in Charms
  9280 | D:6      | Reached skill level 8 in Spellcasting
  9379 | D:6      | Noticed Eustachio
  9459 | D:6      | Killed Eustachio
  9459 | D:6      | Reached XP level 9. HP: 62/62 MP: 13/25
  9858 | D:7      | Offered knowledge of Shock by Vehumet.
 10963 | D:7      | Identified a scroll of acquirement
 11192 | D:8      | Reached skill level 9 in Spellcasting
 11381 | D:8      | Found an opulent altar of Gozag.
 11761 | D:8      | Noticed a manticore
 11766 | D:8      | Killed a manticore
 11766 | D:8      | Reached skill level 5 in Charms
 11883 | D:8      | Reached XP level 10. HP: 67/69 MP: 18/28
 11918 | D:8      | Found Agheceow's Assorted Antiques.
 11921 | D:8      | Bought a papyrus book for 345 gold pieces
 11926 | D:8      | Learned a level 4 spell: Control Teleport
 12332 | D:8      | Offered knowledge of Stone Arrow by Vehumet.
 12337 | D:8      | Reached skill level 10 in Spellcasting
 12510 | D:9      | Found Sabla Taoze's Weapon Emporium.
 12521 | D:9      | Noticed a seven-headed hydra
 12531 | D:9      | HP: 2/69 [seven-headed hydra (7)]
 12532 | D:9      | Mangled by a seven-headed hydra

Action                   |  1- 3 |  4- 6 |  7- 9 | 10-12 || total
-------------------------+-------+-------+-------+-------++-------
Melee: Short sword       |    47 |    49 |     3 |       ||    99
       Rapier            |       |       |     7 |       ||     7
 Cast: Magic Dart        |    69 |   233 |   471 |    58 ||   831
       Mephitic Cloud    |       |    10 |    10 |     6 ||    26
       Iskenderun's Batt |       |       |     2 |     3 ||     5
       Blink             |       |       |       |     1 ||     1
       Control Teleport  |       |       |       |     1 ||     1
 Abil: Breathe Fire      |       |       |    15 |     1 ||    16
  Use: Potion            |     1 |     1 |     1 |     2 ||     5
       Scroll            |       |     7 |     4 |     1 ||    12
 Stab: Confused          |       |     1 |       |       ||     1
  Eat: Chunk             |     2 |     8 |     6 |       ||    16
       Beef jerky        |       |     1 |       |       ||     1
       Bread ration      |       |     1 |     4 |       ||     5
